 Dungeon Crawl Stone Soup version 0.20.1-1-g8b1a95d (webtiles) character file.

1344 gobwax the Thaumaturge (level 8, -25/41 HPs)
             Began as a Deep Elf Earth Elementalist on Aug 14, 2017.
             Was a Follower of Sif Muna.
             Killed from afar by a centaur zombie (37 damage)
             ... with an exploding inner flame
             ... hexed by the player character
             ... in an ossuary.
             The game lasted 00:42:08 (5200 turns).

gobwax the Thaumaturge (DEEE)                       Turns: 5200, Time: 00:42:09

Health: -25/41     AC:  5    Str:  5    XL:     8   Next: 36%
Magic:  13/23      EV: 13    Int: 23    God:    Sif Muna [*.....]
Gold:   205        SH:  0    Dex: 15    Spells: 11/26 levels left

rFire    . . .     SeeInvis .   v - +4 quarterstaff (chaos)
rCold    . . .     Gourm    .   (shield currently unavailable)
rNeg     . . .     Faith    .   m - +1 animal skin
rPois    .         Spirit   .   n - +0 helmet
rElec    .         Reflect  .   w - +0 cloak
rCorr    .         Harm     .   (no gloves)
MR       .....                  (no boots)
Stlth    ++........             (no amulet)
Regen    0.2/turn               (no ring)
MPRegen  0.2/turn               (no ring)

@: no status effects
A: no striking features
a: Divine Energy, Renounce Religion


You were in an ossuary.
You worshipped Sif Muna.
Sif Muna was aware of your devotion.
You were near starving.

You visited 1 branch of the dungeon, and saw 6 of its levels.
You also visited: Ossuary.

You collected 205 gold pieces.

Inventory:

Hand Weapons
 l - a +2 dagger of speed
 v - a +4 quarterstaff of chaos (weapon)
Armour
 c - a +0 robe
 m - a +1 animal skin (worn)
 n - a +0 helmet (worn)
 w - a +0 cloak (worn)
Jewellery
 b - an uncursed amulet of the gourmand {unknown}
 o - an uncursed ring of fire
 x - a cursed amulet of inaccuracy {unknown}
Wands
 z - a wand of acid (8/15)
 D - a wand of random effects (23/48)
Scrolls
 a - 2 scrolls of enchant weapon {unknown}
 f - 2 scrolls of fear {unknown}
 h - a scroll of remove curse {unknown}
 k - 4 scrolls of identify
 q - 2 scrolls of immolation
 u - a scroll of magic mapping {unknown}
 y - a scroll of enchant armour {unknown}
 A - a scroll of amnesia {unknown}
 B - a scroll of blinking {unknown}
 C - a scroll of teleportation {unknown}
Potions
 g - a potion of curing {unknown}
 j - a potion of might {unknown}
 r - a potion of ambrosia
 t - a potion of invisibility {unknown}
Books
 e - a book of Geomancy

   Spells                             Type                      Level
   a - Sandblast                      Earth                        1
   b - Passwall                       Transmutation/Earth          2
   c - Stone Arrow                    Conjuration/Earth            3
   d - Petrify                        Transmutation/Earth          4
   e - Lee's Rapid Deconstruction     Earth                        5
 E - a book of Changes

   Spells                             Type                      Level
   a - Beastly Appendage              Transmutation                1
   b - Sticks to Snakes               Transmutation                2
   c - Spider Form                    Transmutation/Poison         3
   d - Ice Form                       Ice/Transmutation            4
   e - Blade Hands                    Transmutation                5
Comestibles
 d - 4 bread rations
 i - a meat ration
 p - 3 fruits


   Skills:
 - Level 2.4 Dodging
 - Level 2.4 Stealth
 + Level 9.5 Spellcasting
 * Level 4.5 Conjurations
 + Level 1.1 Transmutations
 + Level 7.4 Earth Magic


You had 11 spell levels left.
You knew the following spells:

 Your Spells              Type           Power        Failure   Level  Hunger
a - Sandblast             Erth           #####.       1%          1    None
b - Stone Arrow           Conj/Erth      #####.       1%          3    None
c - Lee's Rapid Deconstr  Erth           #####.....   8%          5    ####...
d - Petrify               Tmut/Erth      ####....     10%         4    ##.....
e - Passwall              Tmut/Erth      ####......   1%          2    None


Dungeon Overview and Level Annotations

Branches:
Dungeon (6/15)             Temple (0/1) D:5

Altars:
Ashenzari
Cheibriados
Sif Muna
Xom
Zin
The Shining One


Message History

Aiming: Lee's Rapid Deconstruction
Press: ? - help, Dir - move target cursor The wall shatters!
The blast of rock fragments hits the centaur zombie.
The centaur zombie is heavily damaged.
The centaur zombie barely misses you.
The rat zombie bites you but does no damage.
The gnoll zombie hits you.
* * * LOW HITPOINT WARNING * * *
The gnoll zombie barely misses you.
Casting: Lee's Rapid Deconstruction
Confirm with . or Enter, or press ? or * to list all spells.
Aiming: Lee's Rapid Deconstruction
Press: ? - help, Dir - move target cursor The wall shatters!
The blast of rock fragments hits the centaur zombie.
The centaur zombie explodes!
The fiery explosion engulfs you!
Ouch! That really hurt!
You die...

#################
#.§§.....∩..∩....
#§Z§.............
#@ZZ...########..
#Z§§#### #Z§##
#... #..## #...
#.... #.....
#......


You could see a rat zombie (inner flame), a hobgoblin zombie (inner flame), 2
gnoll zombies and a kobold zombie (inner flame).

Vanquished Creatures
  Eustachio (D:4)
  An ogre (D:5)
  A phantom (D:4)
  2 centaurs
  A bullfrog (D:3)
  A scorpion (D:4)
  4 killer bees (D:5)
  2 crimson imps (D:5)
  A centaur zombie (D:5)
  4 orc wizards (D:4)
  Crazy Yiuf (D:3)
  3 worker ants
  A big kobold zombie (Ossuary)
  A howler monkey zombie (D:5)
  Robin (D:1)
  A howler monkey skeleton (D:5)
  4 adders
  3 oozes
  An adder zombie (Ossuary)
  4 worms
  3 dart slugs
  7 leopard geckos
  14 orcs
  2 giant cockroaches
  A gnoll zombie (Ossuary)
  12 goblins
  12 hobgoblins
  9 jackals
  2 quokkas
  A ball python (D:1)
  8 bats
  4 frilled lizards
  3 goblin zombies (Ossuary)
  3 hobgoblin zombies (Ossuary)
  3 jackal zombies (Ossuary)
  5 kobolds
  2 kobold zombies (Ossuary)
  A quokka zombie (Ossuary)
  4 rats
  A rat zombie (Ossuary)
  A butterfly (D:5)
136 creatures vanquished.

Notes
Turn   | Place    | Note
-------+----------+-------------------------------------------
     0 | D:1      | gobwax the Deep Elf Earth Elementalist began the quest for the Orb.
     0 | D:1      | Reached XP level 1. HP: 10/10 MP: 6/6
    92 | D:1      | Reached XP level 2. HP: 15/15 MP: 5/8
   500 | D:1      | Reached skill level 4 in Spellcasting
   501 | D:1      | Reached XP level 3. HP: 19/19 MP: 6/10
   705 | D:2      | Learned a level 3 spell: Stone Arrow
  1018 | D:2      | Found a shimmering altar of Xom.
  1020 | D:2      | Found a shattered altar of Ashenzari.
  1020 | D:2      | Found a glowing silver altar of Zin.
  1022 | D:2      | Found a shimmering altar of Xom.
  1022 | D:2      | Found a glowing golden altar of the Shining One.
  1022 | D:2      | Found a glowing silver altar of Zin.
  1222 | D:2      | Noticed Robin
  1268 | D:2      | Reached XP level 4. HP: 22/24 MP: 2/12
  1317 | D:1      | Killed Robin
  1413 | D:1      | Reached skill level 5 in Spellcasting
  1540 | D:2      | Found a glowing golden altar of the Shining One.
  1759 | D:3      | Found a runed door.
  1926 | D:3      | Noticed a bullfrog
  1932 | D:3      | Killed a bullfrog
  1932 | D:3      | Reached skill level 1 in Conjurations
  1932 | D:3      | Reached skill level 5 in Earth Magic
  1932 | D:3      | Reached XP level 5. HP: 28/28 MP: 8/15
  2416 | D:3      | Noticed Crazy Yiuf
  2419 | D:3      | Killed Crazy Yiuf
  2419 | D:3      | Reached skill level 6 in Spellcasting
  2558 | D:3      | Found a snail-covered altar of Cheibriados.
  2558 | D:3      | Found a deep blue altar of Sif Muna.
  2594 | D:4      | Noticed Eustachio
  2602 | D:4      | Killed Eustachio
  2602 | D:4      | Reached XP level 6. HP: 32/32 MP: 5/17
  2800 | D:4      | Reached skill level 7 in Spellcasting
  2876 | D:4      | Learned a level 5 spell: Lee's Rapid Deconstruction
  2889 | D:4      | Reached XP level 7. HP: 33/36 MP: 3/19
  3907 | D:3      | Became a worshipper of Sif Muna the Loreminder
  3927 | D:5      | Entered Level 5 of the Dungeon
  3927 | D:5      | Found a shattered altar of Ashenzari.
  3953 | D:5      | Reached skill level 8 in Spellcasting
  4117 | D:5      | Learned a level 4 spell: Petrify
  4120 | D:5      | Learned a level 2 spell: Passwall
  4345 | D:5      | Found a staircase to the Ecumenical Temple.
  4466 | D:5      | Reached XP level 8. HP: 41/41 MP: 14/22
  4730 | D:5      | Reached skill level 9 in Spellcasting
  4730 | D:5      | Reached * piety under Sif Muna
  5142 | D:6      | Found a sand-covered staircase.
  5145 | Ossuary  | Entered an ossuary
  5200 | Ossuary  | Killed from afar by a centaur zombie

Skill      XL: |  1  2  3  4  5  6  7  8 |
---------------+-------------------------+-----
Earth Magic    | 4 5 6 7 |  7.4
Spellcasting   | 4 5 6 7 8 9 |  9.5
Conjurations   | 1 2 4 |  4.5
Dodging        | |  2.4
Stealth        | |  2.4
Transmutations | |  1.1

Action                   |  1- 3 |  4- 6 |  7- 9 || total
-------------------------+-------+-------+-------++-------
Melee: Unarmed           |     2 |     1 |       ||     3
       Dagger            |       |     2 |       ||     2
       Quarterstaff      |       |     1 |    28 ||    29
 Cast: Sandblast         |    50 |    62 |    12 ||   124
       Stone Arrow       |     6 |     9 |    51 ||    66
       Lee's Rapid Decon |       |       |     7 ||     7
       Passwall          |       |       |     2 ||     2
  Use: Scroll            |       |     1 |     3 ||     4
       Potion            |       |       |     1 ||     1
 Stab: Paralysed         |       |       |     1 ||     1
  Eat: Chunk             |     1 |     5 |     7 ||    13
Armor: Robe              |     4 |       |       ||     4
       Animal skin       |       |     3 |    12 ||    15
Dodge: Dodged            |     9 |    14 |    69 ||    92
